 Dungeon Crawl Stone Soup version 0.32-a0-314-g526f7d4993 (webtiles) character file.

Game seed: 3707846324040803468

64 Bravepunisher the Ducker (level 3, -2/20 HPs)
             Began as a Spriggan Berserker on Feb 15, 2024.
             Was a Believer of Trog.
             Killed by nerve-wracking pain
             ... invoked by an orc priest
              (13 damage)
             ... on level 2 of the Dungeon.
             The game lasted 00:03:11 (907 turns).

Bravepunisher the Ducker (Spriggan Berserker)        Turns: 907, Time: 00:03:11

Health: -2/20      AC:  2    Str: 15    XL:     3   Next: 91%
Magic:  4/4        EV: 17    Int:  8    God:    Trog [**....]
Gold:   40         SH:  4    Dex: 14    Spells: 2/2 levels left

rFire   . . .        h - +2 whip (elec)
rCold   . . .        e - +0 buckler
rNeg    . . .        b - +0 animal skin
rPois   .            (helmet restricted)
rElec   .            (no cloak)
rCorr   .            (gloves unavailable)
SInv    +            (boots unavailable)
Will    .....        (no amulet)
Stlth   +            (no ring)
HPRegen 0.23/turn    (no ring)
MPRegen 0.09/turn

%: no passive effects
@: very quick
A: very small, no large weapons, unfitting armour, see invisible, speed 3
a: Renounce Religion, Berserk, Trog's Hand


You were on level 2 of the Dungeon.
You worshipped Trog.
Trog was pleased with you.
You visited 1 branch of the dungeon, and saw 2 of its levels.

You collected 40 gold pieces.

Inventory:

Hand Weapons
 h - a +2 whip of electrocution (weapon)
Armour
 b - a +0 animal skin (worn)
 e - a +0 buckler (worn)
Scrolls
 a - a scroll of fog {unknown}
 c - 2 scrolls of identify {unknown}
 d - a scroll of enchant armour {unknown}
 f - 3 scrolls of revelation {unknown}
 j - a scroll of teleportation {unknown}
Potions
 g - a potion of curing {unknown}
 i - a potion of enlightenment {unknown}


   Skills:
 * Level 3.4 Fighting
 + Level 2.7 Maces & Flails
 - Level 4.0 Dodging
 + Level 0.3 Shields


You had 2 spell levels left.
You didn't know any spells.
Your spell library was empty.

Dungeon Overview and Level Annotations

Branches:
Dungeon (2/15)

Altars:


Innate Abilities, Weirdness & Mutations

You are very small and have problems with some larger weapons.
You are too small for most types of armour.
You have supernaturally acute eyesight. (SInv)
You cover ground extremely quickly. (Speed+++)


Message History

An orc priest is nearby!
An orc priest is nearby!
Found 9 gold pieces.
An orc comes into view. It is wielding a +0 club.
An orc comes into view. It is wielding a +0 mace.
There are monsters nearby!
There are monsters nearby!
Found a sling.
You start waiting.
An orc is nearby!
You closely miss the orc. The orc hits you with a +0 club.
You hit the orc.
The orc is moderately wounded.
The orc misses you.
You closely miss the orc.
The orc is moderately wounded.
The orc barely misses you. The orc misses you.
You whack the orc!
You kill the orc!
Trog accepts your kill.
You start resting.
HP restored.
The orc priest misses you.
You see here a +0 club.
The orc shouts!
You hit the orc priest.
The orc priest is moderately wounded.
The orc priest calls down the wrath of Beogh upon you.
Pain shoots through your body!
You closely miss the orc priest.
The orc priest is moderately wounded.
The orc priest hits you with a +0 whip.
You hit the orc priest.
The orc priest is heavily wounded.
The orc priest closely misses you.
You hit the orc priest.
The orc priest is almost dead.
The orc priest mumbles some strange prayers to Beogh against you.
Pain shoots through your body!
Ouch! That really hurt!
You die...

.......# #...
.###...##..~.o.~..#.
.###...#$.o.........
.......#o... ......
.......#$..o .....
#####..##..~ ~..#
#####..###.. ..#
........#########o#
#######.........@.#
######.......#.##.#
.......#####.#.##.#
#####..# #.#.##.###
#..# ###..........
#####..###........###.
..................#
#####..#.#...........
#..#.#####.##.###


You could see an orc priest.

Vanquished Creatures
  2 dart slugs (D:1)
  An orc (D:2)
  3 endoplasms (D:1)
  A giant cockroach (D:1)
  4 goblins
  3 hobgoblins (D:1)
  3 kobolds (D:1)
  2 quokkas (D:1)
  A ball python (D:1)
  8 bats (D:1)
  3 frilled lizards (D:1)
  A rat (D:1)
32 creatures vanquished.

Notes
Turn   | Place    | Note
-------+----------+-------------------------------------------
     0 | D:1      | Bravepunisher the Spriggan Berserker began the quest for
                  | the Orb.
     0 | D:1      | Reached XP level 1. HP: 11/11 MP: 2/2
   107 | D:1      | Reached XP level 2. HP: 16/16 MP: 3/3
   383 | D:1      | Reached XP level 3. HP: 18/20 MP: 4/4
   442 | D:1      | Reached ** piety under Trog
   907 | D:2      | Killed from afar by an orc priest

Illustrated notes

Levels and vault maps discovered:
D:1:      ncdulo_smallfort, layout_loops_ring
D:2:      cheibrodos_pilgrimage, layout_basic, basic_altar

Skill      XL: |  1  2 |
---------------+-------+-----
Fighting       | 3 |  3.4
Maces & Flails | |  2.7
Dodging        | |  4.0
Shields        | |  0.3

Action                     || total
---------------------------++-------
  Melee: Mace              ||   115
         Whip              ||    13
   Stab: Sleeping          ||     2
 Armour: Animal skin       ||    33
  Dodge: Dodged            ||   134
  Block: Buckler           ||     8

Table legend: (Time is in decaauts)
 A = Elapsed time spent in this place.
 B = Non-inter-level travel time spent in this place.
 C = Inter-level travel time spent in this place.
 D = Time resting spent in this place.
 E = Time spent auto-exploring this place.
 F = Levels seen in this place.
 G = Mean time per level.
                   A        B        C        D        E       F      G
               +--------+--------+--------+--------+--------+-----+--------+
         Total |    675 |    669 |      6 |      6 |    389 |   2 |  337.5 |
       Dungeon |    675 |    669 |      6 |      6 |    389 |   2 |  337.5 |
               +--------+--------+--------+--------+--------+-----+--------+

Top non-repeatable levels by time:
     D:1: 619 daAuts
     D:2: 56 daAuts
